 Dungeon Crawl Stone Soup version 0.24.0-2-g5b39cebb1c (webtiles) character file.

Game seed: 7966167947632373113, levelgen mode: deterministic

576 iamserjio the Skirmisher (level 7, -6/49 HPs)
             Began as an Octopode Wanderer on Oct 31, 2019.
             Was a Believer of Nemelex Xobeh.
             Mangled by a hellwing (7 damage)
             ... summoned by the player character
             ... on level 5 of the Dungeon.
             The game lasted 00:05:21 (5029 turns).

iamserjio the Skirmisher (Octopode Wanderer)        Turns: 5029, Time: 00:05:22

Health: -6/49      AC:  1    Str: 11    XL:     7   Next: 35%
Magic:  9/9        EV: 15    Int: 16    God:    Nemelex Xobeh [**....]
Gold:   308        SH:  0    Dex: 12    Spells: 5/6 levels left

rFire    . . .     SeeInvis .   a - +2 spear
rCold    . . .     Gourm    .   (no shield)
rNeg     . . .     Faith    .   (helmet restricted)
rPois    .         Spirit   .   (no amulet)
rElec    .         Reflect  .   (no ring)
rCorr    .         Harm     .   (no ring)
MR       .....                  (no ring)
Stlth    ++........             (no ring)
HPRegen  0.16/turn              (no ring)
MPRegen  0.11/turn              (no ring)
                                (no ring)
                                (no ring)

@: no status effects
A: almost no armour, stealthy swim, amphibious, 8 rings, constrict 8, camouflage
1, gelatinous body 1
a: Draw Escape, Draw Destruction, Draw Summoning, Renounce Religion


You were on level 5 of the Dungeon.
You worshipped Nemelex Xobeh.
Nemelex Xobeh was pleased with you.
You were not hungry.

You visited 1 branch of the dungeon, and saw 5 of its levels.
You also visited: Sewer.

You collected 308 gold pieces.

Inventory:

Hand Weapons
 a - a +2 spear (weapon)
Missiles
 x - 2 silver javelins (quivered)
Jewellery
 h - a cursed -3 ring of evasion {unknown}
 l - an uncursed amulet of magic regeneration {unknown}
 w - an uncursed amulet of harm {unknown}
 y - an uncursed ring of flight {unknown}
 z - an uncursed ring of flight {unknown}
Scrolls
 c - a scroll of magic mapping {unknown}
 e - 3 scrolls of identify {@r1}
 i - 5 scrolls of fear {unknown}
 k - a scroll of immolation {unknown}
 m - a scroll of enchant weapon {unknown}
 q - a scroll of blinking {unknown}
 r - a scroll of fog {unknown}
 s - 4 scrolls of amnesia
 t - 2 scrolls of enchant armour {unknown}
 u - a scroll of noise {unknown}
 v - a scroll of teleportation {unknown}
Potions
 b - 3 potions of resistance {unknown}
 f - 7 potions of curing {@q1}
 g - 2 potions of heal wounds {unknown}
 j - a potion of ambrosia {unknown}
 n - 2 potions of lignification {unknown}
 o - a potion of flight {unknown}
 p - 2 potions of agility {unknown}
 A - a potion of degeneration {unknown}
Comestibles
 d - 10 rations
 B - a chunk of flesh


   Skills:
 * Level 4.8 Fighting
 - Level 2.0 Polearms
 - Level 1.0 Throwing
 * Level 4.6 Dodging
 - Level 2.0 Fire Magic
   Level 3.0 Air Magic
 + Level 3.3 Invocations
   Level 1.1 Evocations


You had 5 spell levels left.
You knew the following spells:

 Your Spells              Type           Power        Failure   Level  Hunger
a - Flame Tongue          Conj/Fire      #....        17%         1    ##.....

Your spell library contained the following spells:

 Spells                   Type           Power        Failure   Level  Hunger
 Corona                   Hex            #......      26%         1    ##.....
 Throw Flame              Conj/Fire      #.....       26%         2    ###....
 Slow                     Hex            #.......     36%         2    ###....
 Throw Frost              Conj/Ice       #.....       36%         2    ###....
 Conjure Flame            Conj/Fire      #.......     45%         3    ####...
 Inner Flame              Hex/Fire       #.......     45%         3    ####...
 Portal Projectile        Hex/Tloc       #.....       58%         3    ####...
 Cause Fear               Hex            #.........   94%         4    #####..
 Leda's Liquefaction      Hex/Erth       #.........   94%         4    #####..


Dungeon Overview and Level Annotations

Branches:
Dungeon (5/15)              Sewer (visited)
 Temple: D:4-7

Altars:
Nemelex Xobeh
Okawaru
Qazlal
Trog
Wu Jian
Zin


Innate Abilities, Weirdness & Mutations

You cannot wear most types of armour.
You are very stealthy in the water. (Stealth+)
You are amphibious.
You can wear up to eight rings at the same time.
You can use your tentacles to constrict eight enemies at once.
Your skin changes colour to match your surroundings (Stealth+).
Your rubbery body absorbs attacks. (AC +1, EV +1)


Message History

Your hell hound breathes flames at the hellwing.
The blast of flame hits the hellwing!
* * * LOW HITPOINT WARNING * * *
You feel sick.
The hellwing swoops through the air toward you!
The hellwing barely misses you. The hellwing hits you.
* * * LOW HITPOINT WARNING * * *
It was a potion of curing.
You feel better. The hellwing hits you.
* * * LOW HITPOINT WARNING * * *
The hellwing hits you.
* * * LOW HITPOINT WARNING * * *
The gnoll barely misses you.
Your hell hound bites the hellwing but does no damage.
Casting: Flame Tongue (safe; 17% risk of failure)
Okay, then.
You draw a card...
You have drawn the Dance.
Your hell hound breathes flames at the hellwing.
The blast of flame hits the hellwing!
The hellwing hits you!
You die...
Your body disappears without a glow.

############ #..........#
#..........# #).........#
..# #....).....# ..# ###
#....).....# #.#
#.#####.4h..°....#
#.#####....##.@(g.)°...#
###.......##.######.#.####
................###.# #
#.................#.#.##
...÷...................#
#.................#.#......
#.>.......................#
#..........................
#..........................


You could see a hellwing, a gnoll, a friendly hell hound and a friendly +0
quarterstaff of the Demagogue {pain, rF+ MR+ Dex-2}.

Vanquished Creatures
  Purgy (Sewer)
  An ogre (D:4)
  2 scorpions
  A hound (D:5)
  A jelly (D:4)
  An iguana (D:4)
  A hound skeleton (D:4)
  A howler monkey skeleton (D:4)
  5 adders
  2 oozes
  4 worms
  2 dart slugs (D:2)
  A leopard gecko (D:1)
  An orc (D:3)
  2 giant cockroaches
  9 goblins
  9 hobgoblins
  8 jackals
  7 kobolds
  2 quokkas (D:2)
  A ball python (D:1)
  11 bats
  3 frilled lizards
  12 rats
88 creatures vanquished.

Vanquished Creatures (collateral kills)
  A centaur zombie (D:5)
  A gnoll shaman (D:5)
  3 gnolls (D:5)
  A giant cockroach (D:5)
6 creatures vanquished.

Grand Total: 94 creatures vanquished

Notes
Turn   | Place    | Note
-------+----------+-------------------------------------------
     0 | D:1      | iamserjio the Octopode Wanderer began the quest for the
                  | Orb.
     0 | D:1      | iamserjio set off with the following items: a +2 spear, a
                  | ration; and the following spell memorised: Flame Tongue;
                  | and the following spells available to memorise: Throw
                  | Flame, Throw Frost, Conjure Flame
     0 | D:1      | Reached XP level 1. HP: 13/13 MP: 1/1
     5 | D:1      | Found a sparkling altar of Nemelex Xobeh.
    25 | D:1      | Became a worshipper of Nemelex Xobeh the Trickster
   210 | D:1      | Received a gift from Nemelex Xobeh
   247 | D:1      | Reached XP level 2. HP: 18/18 MP: 2/2
   253 | D:1      | Reached skill level 1 in Dodging
   485 | D:1      | Reached XP level 3. HP: 24/24 MP: 3/3
  1102 | D:2      | Reached skill level 1 in Invocations
  1269 | D:2      | Reached * piety under Nemelex Xobeh
  1594 | D:2      | Reached XP level 4. HP: 30/30 MP: 4/4
  2040 | D:2      | Found a glowing silver altar of Zin.
  2685 | D:3      | Reached XP level 5. HP: 32/36 MP: 6/6
  2848 | D:3      | Found an iron altar of Okawaru.
  2855 | D:3      | Received a gift from Nemelex Xobeh
  2929 | D:3      | Found an ornate altar of the Wu Jian Council.
  3187 | D:4      | Found a stormy altar of Qazlal.
  3692 | D:4      | Received a gift from Nemelex Xobeh
  3725 | D:4      | Reached XP level 6. HP: 15/43 MP: 7/7
  3969 | D:4      | Found a bloodstained altar of Trog.
  4198 | D:4      | Reached ** piety under Nemelex Xobeh
  4439 | D:5      | Entered Level 5 of the Dungeon
  4440 | D:5      | Found a glowing drain.
  4442 | D:5      | Identified the -2 hand axe of Saltpetre {drain, rC+ Int+3}
  4491 | Sewer    | Entered a sewer
  4667 | Sewer    | Reached XP level 7. HP: 49/49 MP: 9/9
  4711 | Sewer    | Noticed Purgy
  4721 | Sewer    | Killed Purgy
  4971 | D:5      | Received a gift from Nemelex Xobeh
  5017 | D:5      | Noticed a hellwing
  5026 | D:5      | HP: 2/49 [hellwing[the player character] (4)]
  5029 | D:5      | Identified the +0 quarterstaff of the Demagogue {pain, rF+
                  | MR+ Dex-2}
  5029 | D:5      | Mangled by a hellwing

Levels and vault maps discovered:
D:1:      noname_arrival_rooms_in_the_neighbourhood, layout_basic,
          corexii_corridor_pit, nemelex_xobeh_ov_fountains_minmay
D:2:      layout_loops_ring, zin_academy, first_ration, serial_forest,
          infiniplex_forest_clump_diagonal, infiniplex_forest_clump_cross,
          infiniplex_forest_straight_2, infiniplex_forest_lined_4_way,
          infiniplex_forest_lined_room_2, infiniplex_forest_clump_curved,
          kennysheep_generic_room_13
D:3:      layout_rooms, lemuel_coloured_pillars_altar, okawaru_ov_weapons_minmay
D:4:      layout_loops_corners, overflow_temple_1_default,
          nicolae_qazlal_general_emergency
D:5:      layout_rooms, minmay_temple_entry_enclosed_plants,
          portal_sewer_entry_b, minmay_misc_feat_cross, minmay_holes,
          uniq_edmund

Skill      XL: |  1  2  3  4  5  6 |
---------------+-------------------+-----
Dodging        | 1 2 3 4 |  4.6
Fighting       | 2 3 4 |  4.8
Invocations    | 1 2 3 |  3.3
Polearms       | |  2.0
Throwing       | |  1.0
Fire Magic     | |  2.0
Air Magic      | |  3.0
Evocations     | |  1.1

Action                   |  1- 3 |  4- 6 |  7- 9 || total
-------------------------+-------+-------+-------++-------
Melee: Spear             |   102 |   126 |    22 ||   250
       Tentacles         |     9 |    19 |     3 ||    31
       Constrict         |    18 |    19 |     2 ||    39
 Abil: Draw Destruction  |       |     3 |     1 ||     4
       Draw Summoning    |       |     1 |     2 ||     3
       Draw Escape       |       |       |     1 ||     1
  Use: Scroll            |       |       |     1 ||     1
       Potion            |       |       |     1 ||     1
 Stab: Sleeping          |     9 |    10 |     3 ||    22
       Distracted        |     1 |       |       ||     1
  Eat: Chunk             |     2 |     5 |       ||     7
       Ration            |       |     1 |     1 ||     2
Armor: Skin              |     3 |    10 |     1 ||    14
Dodge: Dodged            |    27 |    73 |    22 ||   122
